 Dungeon Crawl Stone Soup version 0.25.1-2-g60ff931df9 (webtiles) character file.

Game seed: 9207555631990190312

695 gruber the Protected (level 7, -22/57 HPs)
             Began as a Minotaur Fighter on Dec 3, 2020.
             Was an Initiate of Okawaru.
             Killed from afar by a wretched star (33 damage)
             ... with a lance of force
             ... on level 1 of the Abyss.
             The game lasted 00:05:00 (4430 turns).

gruber the Protected (Minotaur Fighter)             Turns: 4430, Time: 00:05:01

Health: -22/57     AC: 13    Str: 22    XL:     7   Next: 37%
Magic:  4/4        EV: 10    Int:  1    God:    Okawaru [......]
Gold:   263        SH:  9    Dex: 10    Spells: 6/6 levels left

rFire    . . .     SeeInvis .   y - +2 dagger (venom)
rCold    + + .     Gourm    .   c - +0 kite shield
rNeg     . . .     Faith    .   A - +3 chain mail {rC+}
rPois    .         Spirit   .   (helmet restricted)
rElec    .         Reflect  .   (no cloak)
rCorr    .         Harm     .   (no gloves)
MR       .....     Rnd*Rage +   (no boots)
Stlth    ..........             i - amulet of magic regeneration
HPRegen  0.19/turn              E - ring of protection from cold
MPRegen  0.34/turn              B - +4 ring of evasion

@: no status effects
A: retaliatory headbutt, horns 2, [berserk 3], [dopey 2], [low mp 2]
a: Renounce Religion


You were on level 1 of the Abyss.
You worshipped Okawaru.
Okawaru was noncommittal.
You were not hungry.

You visited 1 branch of the dungeon, and saw 5 of its levels.
You visited the Abyss 1 time.

You collected 263 gold pieces.

Inventory:

Hand Weapons
 a - a +0 long sword
 t - a +2 short sword of protection
 y - a +2 dagger of venom (weapon)
Missiles
 r - 42 poisoned darts (quivered)
Armour
 c - a +0 kite shield (worn)
 A - a +3 chain mail of cold resistance (worn)
Jewellery
 i - an amulet of magic regeneration (around neck)
 q - an uncursed ring of positive energy
 B - a +4 ring of evasion (right hand)
 E - a ring of protection from cold (left hand)
 J - an uncursed amulet of reflection {unknown}
Wands
 w - a wand of paralysis (10)
 D - a wand of disintegration (9)
 L - a wand of clouds (7)
Scrolls
 b - a scroll of teleportation {unknown}
 j - 3 scrolls of identify {unknown}
 l - 8 scrolls of remove curse {unknown}
 m - a scroll of blinking {unknown}
 n - 3 scrolls of enchant armour {unknown}
 u - 2 scrolls of random uselessness {unknown}
 v - a scroll of enchant weapon {unknown}
 F - a scroll of fear {unknown}
 G - a scroll of noise {unknown}
 K - a scroll of magic mapping {unknown}
 M - a scroll of amnesia {unknown}
Potions
 d - a potion of might
 e - 4 potions of curing {unknown}
 g - a potion of mutation {unknown}
 h - a potion of heal wounds {unknown}
 k - a potion of flight {unknown}
 o - a potion of invisibility {unknown}
 p - a potion of lignification {unknown}
 s - a potion of degeneration {unknown}
 x - a potion of stabbing {unknown}
 z - 3 potions of haste {unknown}
 C - a potion of berserk rage {unknown}
 H - a potion of resistance {unknown}
Comestibles
 f - 9 rations


   Skills:
 - Level 3.6 Fighting
 - Level 7.0 Long Blades
 * Level 8.0 Armour
 - Level 3.6 Shields


You had 6 spell levels left.
You didn't know any spells.
Your spell library contained the following spells:

 Spells                   Type           Power        Failure   Level  Hunger
 Animate Skeleton         Necr           N/A          100%        1    ##.....
 Apportation              Tloc           #.....       100%        1    ##.....
 Corona                   Hex            #......      100%        1    ##.....
 Summon Small Mammal      Summ           #...         100%        1    ##.....


Dungeon Overview and Level Annotations

Branches:
Dungeon (5/15)             Temple (0/1) D:5

Altars:
Gozag
Hepliaklqana
Nemelex Xobeh
Okawaru
Uskayaw


Innate Abilities, Weirdness & Mutations

You reflexively headbutt those who attack you in melee.
You have a pair of horns on your head.
[You have an uncontrollable temper.]
[You are very dopey. (Int -4)]
[Your magical capacity is very low. (-20% MP)]


Message History

The spatial maelstrom hits you. Space warps horribly around you!
You block the spatial maelstrom's attack.
A small abomination comes into view.
The spatial maelstrom hits you but does no damage. x2
A spatial vortex comes into view.
The spatial maelstrom barely misses you.
You block the spatial maelstrom's attack.
A smoke demon comes into view.
The smoke demon roars!
You hear a shout!
The spatial maelstrom barely misses you.
You block the spatial maelstrom's attack.
A small abomination comes into view.
The smoke demon gestures at you. The ball of steam hits you.
The spatial maelstrom hits you!
* * * LOW HITPOINT WARNING * * *
You blink.
The wretched star glows turbulently.
The lance of force hits you!!
Ouch! That really hurt!
You die...

.. ..# . ..#. ..
...... ..... .
.... x.3.. ..#..
.§..
##.##########§§#
.x#.#.*...#.#§.#
##.#z#.#.#...§.# #
#.#.#..#....§##..#
.##.X..@x.xv§..# .
###.....##x#...# #
####..#...#.##
##.#...# # #...#..
#...#... ##.v#....
.#....##


You could see a spatial maelstrom, a wretched star, a spatial vortex, a large
abomination, 3 small abominations and a wight.

Vanquished Creatures
  An ogre (D:4)
  A phantom (D:4)
  A crimson imp (D:5)
  2 orc priests
  A centaur skeleton (D:5)
  Terence (D:2)
  3 orc wizards (D:4)
  3 worker ants
  A hound zombie (D:2)
  3 gnolls (D:3)
  6 adders
  3 oozes
  A worm (D:2)
  2 leopard geckos
  15 orcs
  5 bats
  5 giant cockroaches
  8 goblins
  9 hobgoblins
  3 jackals (D:2)
  10 kobolds
  3 quokkas
  2 ball pythons
  12 frilled lizards
  A jackal skeleton (D:4)
  3 rats
105 creatures vanquished.

Vanquished Creatures (others)
  An orc wizard (D:3)
1 creature vanquished.

Grand Total: 106 creatures vanquished

Notes
Turn   | Place    | Note
-------+----------+-------------------------------------------
     0 | D:1      | gruber the Minotaur Fighter began the quest for the Orb.
     0 | D:1      | Reached XP level 1. HP: 19/19 MP: 0/0
   131 | D:1      | Reached XP level 2. HP: 26/26 MP: 1/1
   378 | D:1      | Reached XP level 3. HP: 23/31 MP: 2/2
  1143 | D:2      | Reached skill level 5 in Long Blades
  1174 | D:2      | Reached XP level 4. HP: 37/39 MP: 3/3
  1285 | D:2      | Noticed a +0 dagger
  1286 | D:2      | Noticed a +0 hand axe
  1287 | D:2      | Found a hide-covered altar of Uskayaw.
  1596 | D:2      | Found a sparkling altar of Nemelex Xobeh.
  1596 | D:2      | Found an opulent altar of Gozag.
  1819 | D:2      | Noticed Terence
  1830 | D:2      | Killed Terence
  2133 | D:3      | Reached XP level 5. HP: 42/45 MP: 4/4
  2324 | D:3      | Found a hazy altar of Hepliaklqana.
  2557 | D:3      | Found an iron altar of Okawaru.
  2574 | D:3      | Became a worshipper of Warmaster Okawaru
  2593 | D:3      | Reached skill level 4 in Armour
  3105 | D:4      | Reached XP level 6. HP: 33/51 MP: 5/5
  3116 | D:4      | Reached skill level 5 in Armour
  3307 | D:4      | Reached skill level 6 in Armour
  3502 | D:4      | Reached XP level 7. HP: 34/57 MP: 6/6
  3514 | D:4      | Reached skill level 7 in Armour
  3943 | D:5      | Entered Level 5 of the Dungeon
  4040 | D:5      | Reached skill level 8 in Armour
  4074 | D:5      | Found a staircase to the Ecumenical Temple.
  4260 | D:5      | Cast into level 1 of the Abyss (orc)
  4273 | Abyss:1  | Found a corrupted altar of Lugonu.
  4314 | Abyss:1  | Noticed a large abomination
  4325 | Abyss:1  | Noticed a large abomination
  4327 | Abyss:1  | Noticed a starcursed mass
  4369 | Abyss:1  | Noticed a wretched star
  4378 | Abyss:1  | Noticed a small abomination
  4422 | Abyss:1  | Noticed a spatial vortex
  4422 | Abyss:1  | Noticed a spatial maelstrom
  4424 | Abyss:1  | Noticed a spatial vortex
  4426 | Abyss:1  | Noticed a spatial vortex
  4428 | Abyss:1  | Noticed a smoke demon
  4430 | Abyss:1  | Noticed a small abomination
  4430 | Abyss:1  | Killed from afar by a wretched star

Illustrated notes

Levels and vault maps discovered:
D:1:      sevenhm_arrival_forest_fort_small_6, layout_loops_ring,
          minmay_three_crescents
D:2:      kennysheep_six_static_rooms, layout_basic,
          grunt_temple_overflow_opulence, dancing_weapons_uskayaw, uniq_terence
D:3:      layout_basic, old_standard_altar, okawaru_metal_pillars_3
D:4:      layout_rooms, first_ration, minmay_bisected
D:5:      layout_basic, minmay_temple_entry_antechambers, kennysheep_cross_room
Abyss:1:  base:
D:3

Skill      XL: |  1  2  3  4  5  6  7 |
---------------+----------------------+-----
Long Blades    | 3 4 5 6 7 |  7.0
Armour         | 4 6 8 |  8.0
Fighting       | |  3.6
Shields        | |  3.6

Action                   |  1- 3 |  4- 6 |  7- 9 || total
-------------------------+-------+-------+-------++-------
Melee: Long sword        |    74 |     9 |       ||    83
       Headbutt          |    12 |    40 |    11 ||    63
       Dagger            |       |   140 |    52 ||   192
       Short sword       |       |    50 |       ||    50
Throw: Dart              |       |       |     5 ||     5
  Eat: Chunk             |     1 |     7 |     3 ||    11
Armor: Scale mail        |    41 |    11 |       ||    52
       Chain mail        |       |    72 |    21 ||    93
Dodge: Dodged            |    29 |    38 |    10 ||    77
Block: Kite shield       |    46 |    92 |    25 ||   163
       Rpst.: Long sword |     9 |     1 |       ||    10
